 Dungeon Crawl Stone Soup version 0.22-a0-525-gf69a080 (webtiles) character file.

91 kae the Skirmisher (level 4, 0/41 HPs)
             Began as a Minotaur Fighter on June 20, 2018.
             Slain by a kobold
             ... wielding a +2 whip of electrocution
              (15 damage)
             ... on level 3 of the Dungeon.
             The game lasted 00:01:09 (2018 turns).

kae the Skirmisher (Minotaur Fighter)               Turns: 2018, Time: 00:01:09

Health: 0/41       AC:  8    Str: 21    XL:     4   Next: 33%
Magic:  3/3        EV:  8    Int:  6    God:
Gold:   93         SH:  9    Dex:  9    Spells: 3/3 levels left

rFire    . . .     SeeInvis .   a - +0 long sword
rCold    . . .     Gourm    .   c - +0 shield
rNeg     . . .     Faith    .   b - +0 scale mail
rPois    .         Spirit   .   (helmet restricted)
rElec    .         Reflect  .   (no cloak)
rCorr    .         Harm     .   k - +0 pair of gloves
MR       .....                  (no boots)
Stlth    ..........             (no amulet)
HPRegen  0.13/turn              (no ring)
MPRegen  0.08/turn              (no ring)

@: no status effects
A: retaliatory headbutt, horns 2
a: no special abilities


You were on level 3 of the Dungeon.
You were hungry.

You visited 1 branch of the dungeon, and saw 3 of its levels.

You collected 93 gold pieces.

Inventory:

Hand Weapons
 a - a +0 long sword (weapon)
Armour
 b - a +0 scale mail (worn)
 c - a +0 shield (worn)
 k - a +0 pair of gloves (worn)
Wands
 m - a wand of flame (31)
Scrolls
 g - 2 scrolls of random uselessness
Potions
 d - a potion of might
 e - a potion of heal wounds {unknown}
 h - a potion of lignification {unknown}
 i - a potion of curing {unknown}
 j - a potion of berserk rage {unknown}
 l - a potion of brilliance {unknown}
 o - a potion of haste {unknown}
Comestibles
 f - 6 rations


   Skills:
 + Level 4.3 Fighting
 * Level 3.9 Long Blades
 + Level 4.3 Armour
 + Level 1.6 Dodging
 - Level 3.6 Shields


You had 3 spell levels left.
You didn't know any spells.
Your spell library was empty.

Dungeon Overview and Level Annotations

Branches:
Dungeon (3/15)

Altars:


Innate Abilities, Weirdness & Mutations

You reflexively headbutt those who attack you in melee.
You have a pair of horns on your head.


Message History

The kobold is severely wounded.
You block the kobold's attack.
You barely miss the kobold. Your headbutt misses the kobold.
The kobold is severely wounded.
The kobold hits you with a whip of electrocution.
You are electrocuted!
A kobold is nearby!
You are too injured to fight recklessly!
You are too injured to fight recklessly!
A kobold is nearby!
You are too injured to fight recklessly!
You are too injured to fight recklessly!
A kobold is nearby!
You are too injured to fight recklessly!
You are too injured to fight recklessly!
You closely miss the kobold.
The kobold is severely wounded.
The kobold hits you with a whip of electrocution.
You are electrocuted!
You die...

#.#.######.#
#)#........#
#.#.#.##.#.#
#.#.#.......
#.#(########
#.#......... #
#.##########
##..########.# #....#
#....K@..(.).####.##.##
#..............##.#....
#.#.##########.##.#####
# #.##...... #.########
#......... #..#######
#..# #..#


You could see a kobold.

Vanquished Creatures
  A centaur skeleton (D:3)
  2 worms (D:2)
  A dart slug (D:1)
  4 bats
  A giant cockroach (D:3)
  6 goblins
  9 hobgoblins
  7 jackals (D:1)
  A quokka (D:3)
  A ball python (D:2)
  3 frilled lizards
  6 kobolds
  8 rats
50 creatures vanquished.

Notes
Turn   | Place    | Note
-------+----------+-------------------------------------------
     0 | D:1      | kae the Minotaur Fighter began the quest for the Orb.
     0 | D:1      | Reached XP level 1. HP: 19/19 MP: 0/0
   150 | D:1      | Reached XP level 2. HP: 27/27 MP: 1/1
   385 | D:1      | Reached skill level 1 in Dodging
   968 | D:2      | Reached XP level 3. HP: 33/33 MP: 2/2
  1892 | D:3      | Reached XP level 4. HP: 38/41 MP: 3/3
  2018 | D:3      | Slain by a kobold

Vault maps used:
D:1:      saegor_arrival_simple_d
D:2:      first_ration
D:3:      gammafunk_ghost_necromancy

Skill      XL: |  1  2  3 |
---------------+----------+-----
Long Blades    | 3 |  3.9
Dodging        | 1 |  1.6
Fighting       | 4 |  4.3
Armour         | 4 |  4.3
Shields        | |  3.6

Action                   |  1- 3 |  4- 6 || total
-------------------------+-------+-------++-------
Melee: Long sword        |   114 |     7 ||   121
       Headbutt          |    16 |     1 ||    17
  Use: Scroll            |     6 |       ||     6
  Eat: Chunk             |     2 |     1 ||     3
Armor: Scale mail        |    49 |     1 ||    50
Dodge: Dodged            |    38 |     2 ||    40
Block: Shield            |    64 |     4 ||    68
       Rpst.: Long sword |     8 |     1 ||     9

Table legend:
 A = Spawn XP
 B = Non-spawn XP
 C = Spawn XP percentage of total XP
 D = Spawn monster count
 E = Non-spawn monster count
 F = Spawn count percentage of total count
 G = Total turns spent on level
                    A         B        C        D         E        F      G
               +---------+---------+-------+---------+---------+-------+---------
         Total |       0 |     130 |   0.0 |       0 |      50 |   0.0 |  2018
               +---------+---------+-------+---------+---------+-------+---------
           D:1 |       0 |      36 |   0.0 |       0 |      20 |   0.0 |   884
           D:2 |       0 |      44 |   0.0 |       0 |      23 |   0.0 |   830
           D:3 |       0 |      50 |   0.0 |       0 |       7 |   0.0 |   304
               +---------+---------+-------+---------+---------+-------+---------
